 Dungeon Crawl Stone Soup version 0.30-a0-177-g1cb5dbfd7a (webtiles) character file.

Game seed: 17974170672887780039

71429 lunkers the Warrior (level 15, -6/150 HPs)
             Began as a Meteoran Reaver on Oct 3, 2022.
             Was a High Priest of Ru.
             Mangled by a spark wasp (12 damage)
             ... on level 4 of the Spider Nest.
             The game lasted 00:45:22 (7728 turns).

lunkers the Warrior (Meteoran Reaver)               Turns: 7728, Time: 00:45:23

Health: -6/150     AC: 22    Str: 17    XL:     15   Next: 29%
Magic:  0/20       EV: 15    Int: 19    God:    Ru [*****.]
Gold:   820        SH:  0    Dex: 18    Spells: 16/19 levels left

rFire   . . .      SeeInvis .    a - +9 broad axe (freeze)
rCold   . . .      Faith    .    k - orb {light}
rNeg    . . .      Spirit   +    P - +4 scale mail of Vlad {+Blink +Inv Regen+}
rPois   .          Reflect  .    m - +0 helmet
rElec   .          Harm     .    (no cloak)
rCorr   .          Rampage  .    i - +1 pair of gloves of Xangil {+Inv Dex+3}
Will    ++...                    I - +2 pair of boots "Toneopp" {Int+3}
Stlth   ..........               s - amulet of guardian spirit
HPRegen 1.25/turn                e - +4 ring of protection
MPRegen 0.17/turn                t - ring of willpower

@: corroded, on berserk cooldown, slowed, glowing, unable to read, very slow
A: sense surroundings 2, weak 1, inability to read after injury 2, no stealth,
no conjurations magic, no earth magic, no hexes magic, inexperienced 1,
otherworldly, glowing, explore regen
a: Renounce Religion, Evoke Blink, Evoke Invisibility, Draw Out Power, Power
Leap, Apocalypse


You were on level 4 of the Spider Nest.
You worshipped Ru.
Ru was extremely pleased with you.
You visited 4 branches of the dungeon, and saw 22 of its levels.
You also visited: Ossuary and Bailey.

You collected 1571 gold pieces.
You spent 751 gold pieces at shops.

Inventory:

Hand Weapons
 a - a +9 broad axe of freezing (weapon)
 r - a +4 scimitar of flaming
Missiles
 x - 12 boomerangs
 y - 50 stones
 J - a throwing net
 R - 15 poisoned darts
Armour
 h - a +0 buckler
 i - the +1 pair of gloves of Xangil (worn) {+Inv Dex+3}
   (You bought it in a shop on level 2 of the Orcish Mines)

   Dex:       It affects your dexterity (+3).
   +Inv:      It lets you turn invisible.
 k - an orb of light (worn)
 m - a +0 helmet (worn)
 w - a +3 chain mail of cold resistance
 I - the +2 pair of boots "Toneopp" (worn) {Int+3}
   (You found it on level 11 of the Dungeon)

   Int:       It affects your intelligence (+3).
 P - the +4 scale mail of Vlad (worn) {+Blink +Inv Regen+}
   (You found it on level 5 of the Lair of Beasts)

   +Inv:      It lets you turn invisible.
   +Blink:    It lets you blink.
   Regen:     It increases your rate of health regeneration.
 T - the +0 pair of boots "Ajoak" {Dex+3 Slay+3}
   (You found it on level 4 of the Lair of Beasts)

   Dex:       It affects your dexterity (+3).
   Slay:      It affects your accuracy & damage with ranged weapons and melee
   (+3).
Jewellery
 b - a ring of ice
 e - a +4 ring of protection (left hand)
 s - an amulet of guardian spirit (around neck)
 t - a ring of willpower (right hand)
 E - a ring of wizardry
 H - a +4 ring of evasion
 W - a ring of ice
Wands
 F - a wand of flame (6)
 M - a wand of acid (5)
 N - a wand of mindburst (7)
Scrolls
 f - 2 scrolls of torment
 g - 6 scrolls of enchant weapon
 q - a scroll of summoning
 u - 6 scrolls of teleportation
 A - 3 scrolls of butterflies
 B - a scroll of enchant armour
 C - 3 scrolls of blinking
 Q - a scroll of brand weapon
 U - a scroll of amnesia
Potions
 c - a potion of attraction {unknown}
 d - 2 potions of curing
 j - 4 potions of mutation
 l - 3 potions of flight
 n - 2 potions of brilliance {unknown}
 o - 2 potions of invisibility {unknown}
 p - 3 potions of might
 v - 2 potions of heal wounds
 D - 3 potions of ambrosia {unknown}
 K - a potion of cancellation {unknown}
 L - a potion of haste {unknown}
Miscellaneous
 G - a phial of floods
 O - a phantom mirror
 V - a box of beasts (inert)


   Skills:
 + Level 18.4 Fighting
 - Level 17.3(18.0) Axes
 - Level 8.5(14.7) Maces & Flails
 - Level 15.0 Armour
 - Level 10.0 Dodging
 - Level 2.6 Spellcasting
 + Level 8.0 Evocations


You had 16 spell levels left.
You knew the following spells:

 Your Spells              Type           Power      Damage    Failure   Level
b - Momentum Strike       Conj/Tloc      4%         3d8       50%         2
p - Kiss of Death         Conj/Necr      8%         2d6       36%         1

Your spell library contained the following spells:

 Spells                   Type           Power      Damage    Failure   Level
 Call Imp                 Summ           2%         N/A       50%         2
 Scorch                   Fire           4%         2d5       50%         2
 Call Canine Familiar     Summ           2%         N/A       73%         3
 Summon Cactus Giant      Summ           1%         N/A       100%        6
 Magic Dart               Conj           Unusable   1d3       N/A         1
 Hailstorm                Conj/Ice       Unusable   3d3       N/A         3
 Mephitic Cloud           Conj/Pois/Air  Unusable   N/A       N/A         3
 Portal Projectile        Hex/Tloc       Unusable   N/A       N/A         3
 Flame Wave               Conj/Fire      Unusable   2d4       N/A         4
 Leda's Liquefaction      Hex/Erth       Unusable   N/A       N/A         4

Dungeon Overview and Level Annotations

Branches:
Dungeon (11/15) Zot: 2858  Temple (0/1) D:4            Lair (5/5) D:10 Zot: 1599
 Spider (4/4) Lair:3 Zot: 1708   Slime (0/5) Lair:5          Orc (2/2) D:10 Zot: 448
    Elf (0/3) Orc:2       Ossuary (visited)          Bailey (visited)
  Swamp: Lair:2-3    Shoals: Lair:2-3

Altars:
Ashenzari
Gozag
Makhleb
Qazlal
Ru
Wu Jian
Yredelemnul
Zin

Shops:
D:8 *   Orc:2 **([=

Portals:
Trove: D:11 (give +4 shadow dragon scales)

Annotations:
Orc:2 3 runed translucent doors, exclusion: obsidian statue, BigDaddyOpFi's ghost, journeyman DsFi
Abyss:1 Donald


Innate Abilities, Weirdness & Mutations

You passively map the area around you.
You are weak. (Str -2)
You sometimes lose the ability to read scrolls when taking damage.
You cannot be stealthy.
You cannot study or cast Conjurations magic.
You cannot study or cast Earth magic.
You cannot study or cast Hexes magic.
You are somewhat inexperienced. (-1 XL)
You are easily found by Zot.
You glow in the dark.
You regain HP and MP as you explore.


Message History

You slash the ghost moth! You freeze the ghost moth.
You kill the ghost moth!
You closely miss the jumping spider.
Your Evocations skill increases to level 8!
Unknown command.
You slice the jumping spider!! You freeze the jumping spider.
You kill the jumping spider!
Your larval batfire beast breathes flames at the spark wasp.
The blast of flame hits the spark wasp.
You see here a jumping spider corpse.
You feel a strong urge to attack something.
Things that are here:
a jumping spider corpse; a tarantella corpse; a redback corpse Your larval batfire beast hits the spark wasp but does no damage.
The spark wasp bursts into living lightning!
The living lightning hits your larval batfire beast!!
Your larval batfire beast dies!
Your larval batfire beast's corpse disappears in a puff of smoke!
The living lightning hits you.
* * * LOW HITPOINT WARNING * * *
The spark wasp blinks!
A tarantella comes into view.
Unknown command.
Unknown command.
You are too berserk!
You feel your anger nearly subside.
You are no longer berserk.
You are exhausted.
You feel yourself slow down.
The spark wasp stings you but does no damage.
Unknown command.
You feel much better. The spark wasp stings you.
* * * LOW MAGIC WARNING * * *
* * * LOW HITPOINT WARNING * * *
The spark wasp shocks you!
* * * LOW HITPOINT WARNING * * *
You focus your inner power and illuminate the spark wasp in retribution!
The spark wasp stings you!!
* * * LOW HITPOINT WARNING * * *
The spark wasp shocks you!
You die...

.## , #.........# , * .##
##.........## ,* .^#
*#..†..§†s...#* ..#
..##††§##...# .## * * ,
*#...# ..##,, ^# * *
,#^s†# .## * .### , ,#.†^#
## , ...## ## #†..#* ###
.)..# #^# , #.@.# ##.#
..### #^.#####y..#####..#
..#######.^..^..........##
^††.#.#.######.....######
##..†.^..### #......#...##
#^.†...^.^.#######..^....#
##.##^##...#..#..##..#####
#######.^##..##..^...#
#...#..^.##..####


You could see a spark wasp (corona) and 2 tarantellas.

Vanquished Creatures
  Kirke (Lair:5)
  An orc warlord (Bailey)
  2 ghost moths (Spider:4)
  A stone giant (Orc:2)
  3 ettins (Orc:2)
  3 entropy weavers (Spider:4)
  Harold (D:11)
  2 hydras (Lair:5)
  2 radroaches
  2 jorogumos (Spider:4)
  A catoblepas (Lair:5)
  Erica (D:9)
  2 boulder beetles
  2 two-headed ogres
  3 death yaks (Lair:5)
  Urug (Lair:5)
  A pharaoh ant (Spider:4)
  A lindwurm (Lair:5)
  6 orb spiders (Spider:4)
  3 steelbarb worms
  2 orc knights
  12 wolf spiders
  An ugly thing (D:11)
  8 cyclopes (Orc:2)
  2 moths of wrath
  A manticore (D:11)
  5 elephants (Lair:4)
  Joseph (D:9)
  2 black mambas
  A torpor snail (Spider:4)
  2 rime drakes (Lair:5)
  4 komodo dragons
  4 cane toads
  A demonic crawler (Spider:4)
  4 kobold demonologists (D:10)
  3 polar bears (Lair:5)
  2 trolls
  6 hornets
  9 blink frogs
  2 dream sheep (Lair:5)
  11 tarantellas (Spider:4)
  14 jumping spiders
  13 spriggans (Lair:5)
  4 culicivoras
  3 hogs (Lair:5)
  36 yaks
  2 basilisks
  3 wyverns
  23 redbacks
  An acid dragon (D:11)
  A warg (Orc:2)
  8 water moccasins
  35 orc warriors
  9 black bears
  An ice beast (D:8)
  A centaur (D:9)
  3 ogres
  5 boggarts (Lair:5)
  31 wolves
  A phantom (D:6)
  3 kobold brigands
  3 elf zombies (Ossuary)
  4 bullfrogs
  A necrophage (D:7)
  3 wights (D:9)
  6 killer bees
  A vampire bat (Orc:2)
  6 howler monkeys
  2 centaur zombies (Ossuary)
  A jelly (D:6)
  13 orc priests
  Terence (D:2)
  3 iguanas
  26 orc wizards
  2 hound zombies (Ossuary)
  4 mummies
  5 gnolls (Bailey)
  4 adders
  A white imp (D:7)
  3 ufetubi
  4 adder zombies (Ossuary)
  4 worms
  3 dart slugs
  61 orcs
  9 bats
  5 endoplasms
  A giant cockroach (D:2)
  3 gnoll zombies (Ossuary)
  19 goblins
  12 hobgoblins
  10 kobolds
  5 ball pythons
  3 frilled lizards
  4 goblin zombies (Ossuary)
  2 hobgoblin zombies (Ossuary)
  2 jackal zombies (Ossuary)
  3 kobold zombies (Ossuary)
  5 quokka zombies (Ossuary)
  3 rats
  3 rat zombies (Ossuary)
  A butterfly (Lair:3)
570 creatures vanquished.

Vanquished Creatures (others)
  A blink frog (Lair:3)
  A yak (Lair:3)
  An orc warrior (D:9)
  2 black bears (D:5)
  An elf zombie (Ossuary)
  A necrophage (D:6)
  2 hounds
  An orc (D:7)
  A ball python (D:1)
  5 endoplasms
  A goblin (D:2)
  A kobold (D:1)
  A quokka zombie (Ossuary)
  14 fungi
  4 plants
37 creatures vanquished.

Grand Total: 607 creatures vanquished

Notes
Turn   | Place    | Note
-------+----------+-------------------------------------------
     0 | D:1      | lunkers the Meteoran Reaver began the quest for the Orb.
     0 | D:1      | Reached XP level 1. HP: 17/17 MP: 5/5
    35 | D:1      | Reached XP level 2. HP: 5/24 MP: 6/6
    38 | D:1      | Learned a level 2 spell: Momentum Strike
   146 | D:2      | Noticed Terence
   161 | D:2      | Killed Terence
   162 | D:2      | Reached skill level 5 in Maces & Flails
   278 | D:2      | Reached XP level 3. HP: 25/27 MP: 4/8
   562 | D:3      | Found a sacrificial altar of Ru.
   568 | D:3      | Became a worshipper of Ru the Awakened
   796 | D:3      | Reached XP level 4. HP: 35/36 MP: 9/9
   840 | D:4      | Learned a level 3 spell: Hailstorm
   885 | D:4      | Reached XP level 5. HP: 35/41 MP: 5/10
   991 | D:4      | Found a sand-covered staircase.
  1006 | Ossuary  | Entered an ossuary
  1166 | Ossuary  | Reached XP level 6. HP: 17/48 MP: 0/11
  1304 | Ossuary  | Reached skill level 1 in Axes
  1365 | Ossuary  | Reached XP level 7. HP: 34/55 MP: 2/12
  1569 | D:4      | Found a staircase to the Ecumenical Temple.
  1616 | D:4      | Gained mutation: You cannot be stealthy. [Ru sacrifice]
  1628 | D:5      | Entered Level 5 of the Dungeon
  1863 | D:5      | Reached skill level 5 in Axes
  1968 | D:6      | Reached XP level 8. HP: 61/61 MP: 13/13
  2099 | D:6      | Found a glowing silver altar of Zin.
  2193 | D:6      | Noticed a yak
  2193 | D:6      | Noticed a yak
  2194 | D:6      | Noticed a yak
  2195 | D:6      | Noticed a yak
  2209 | D:6      | Killed a yak
  2217 | D:6      | Killed a yak
  2232 | D:6      | Killed a yak
  2233 | D:6      | Reached skill level 3 in Fighting
  2233 | D:6      | Gained mutation: You passively map the area around you.
                  | [Meteoran growth]
  2233 | D:6      | Reached XP level 9. HP: 46/71 MP: 7/14
  2238 | D:6      | Reached skill level 4 in Fighting
  2428 | D:7      | Reached skill level 5 in Fighting
  2463 | D:7      | Reached skill level 10 in Axes
  2575 | D:7      | Found a broken altar of Ashenzari.
  2606 | D:7      | Reached skill level 6 in Fighting
  2707 | D:7      | You fall into a shaft and drop 2 floors!
  2724 | D:9      | Noticed a two-headed ogre
  2735 | D:9      | Killed a two-headed ogre
  2736 | D:9      | Reached skill level 7 in Fighting
  2740 | D:9      | Noticed Erica
  2759 | D:9      | Killed Erica
  2760 | D:9      | Reached skill level 8 in Fighting
  2760 | D:9      | Reached XP level 10. HP: 36/89 MP: 2/15
  2829 | D:8      | Found a flagged portal.
  2856 | Bailey   | Entered a bailey
  2913 | Bailey   | Reached skill level 9 in Fighting
  2918 | Bailey   | Gained mutation: You occasionally lose the ability to read
                  | scrolls when taking damage. [Ru sacrifice]
  2918 | Bailey   | Gained mutation: You sometimes lose the ability to read
                  | scrolls when taking damage. [Ru sacrifice]
  2918 | Bailey   | Reached * piety under Ru
  2918 | Bailey   | Reached ** piety under Ru
  3054 | Bailey   | Noticed an orc knight
  3058 | Bailey   | Reached skill level 10 in Fighting
  3073 | Bailey   | Killed an orc knight
  3074 | Bailey   | Reached skill level 11 in Fighting
  3162 | Bailey   | Noticed an orc warlord
  3180 | Bailey   | Reached skill level 12 in Fighting
  3182 | Bailey   | Killed an orc warlord
  3183 | Bailey   | Reached skill level 13 in Fighting
  3183 | Bailey   | Reached XP level 11. HP: 59/108 MP: 5/16
  3460 | D:8      | Found Ajucaos's Elemental Accessories.
  3567 | D:9      | Paralysed by a hornet for 2 turns
  3643 | D:9      | Reached skill level 15 in Axes
  3746 | D:9      | Noticed Joseph
  3754 | D:9      | Killed Joseph
  3774 | D:9      | Found a basalt altar of Yredelemnul.
  3774 | D:9      | Found a burning altar of Makhleb.
  3779 | D:9      | Found a stormy altar of Qazlal.
  3828 | D:10     | Entered Level 10 of the Dungeon
  3970 | D:10     | Reached skill level 1 in Armour
  3980 | D:10     | Noticed a smoke demon
  3994 | D:10     | Gained mutation: You cannot study or cast Earth magic. [Ru
                  | sacrifice]
  3994 | D:10     | Gained mutation: You cannot study or cast Hexes magic. [Ru
                  | sacrifice]
  3994 | D:10     | Gained mutation: You cannot study or cast Conjurations
                  | magic. [Ru sacrifice]
  3994 | D:10     | Reached *** piety under Ru
  4046 | D:10     | Reached XP level 12. HP: 82/116 MP: 12/17
  4053 | D:10     | Found a staircase to the Orcish Mines.
  4102 | Orc:1    | Entered Level 1 of the Orcish Mines
  4139 | Orc:2    | Entered Level 2 of the Orcish Mines
  4166 | Orc:2    | Found Kaelis's Antique Weapon Shoppe.
  4166 | Orc:2    | Noticed a stone giant
  4178 | Orc:2    | Killed a stone giant
  4211 | Orc:1    | Noticed an orc knight
  4222 | Orc:2    | Reached skill level 5 in Armour
  4224 | Orc:2    | Killed an orc knight
  4252 | Orc:2    | Found a runed translucent gate.
  4253 | Orc:2    | Found a runed translucent gate.
  4253 | Orc:2    | Found a runed translucent gate.
  4254 | Orc:2    | Found an opulent altar of Gozag.
  4255 | Orc:2    | Noticed an obsidian statue
  4259 | Orc:2    | Found Zobly's Assorted Antiques.
  4259 | Orc:2    | Noticed BigDaddyOpFi's ghost (journeyman DsFi)
  4268 | Orc:2    | Found Vyte's Antique Armour Shop.
  4269 | Orc:2    | Noticed an ettin
  4282 | Orc:2    | Killed an ettin
  4299 | Orc:2    | Found a staircase to the Elven Halls.
  4300 | Orc:2    | Bought a pair of distressingly furry gloves for 247 gold
                  | pieces
  4300 | Orc:2    | Identified the +1 pair of gloves of Xangil {+Inv Dex+3}
                  | (You bought it in a shop on level 2 of the Orcish Mines)
  4424 | Orc:2    | Noticed an ettin
  4424 | Orc:2    | Found Zuus's General Store.
  4435 | Orc:2    | Killed an ettin
  4440 | Orc:2    | HP: 5/116 [cyclops (13)]
  4505 | Orc:2    | Bought a +0 pair of boots for 72 gold pieces
  4612 | Orc:2    | Noticed a two-headed ogre
  4620 | Orc:2    | Killed a two-headed ogre
  4621 | Orc:2    | Reached XP level 13. HP: 109/123 MP: 16/18
  4633 | Orc:2    | Found Mauthraso's Jewellery Boutique.
  4634 | Orc:2    | Noticed an ettin
  4643 | Orc:2    | Killed an ettin
  4644 | Orc:2    | Reached skill level 10 in Armour
  4680 | Orc:1    | Gained mutation: You are weak. (Str -2) [Ru sacrifice]
  4828 | Orc:2    | Bought a +4 ring of evasion for 432 gold pieces
  4957 | D:11     | Noticed a boulder beetle
  4966 | D:11     | Killed a boulder beetle
  4967 | D:11     | Reached skill level 14 in Fighting
  4973 | D:11     | Identified the +2 pair of boots "Toneopp" {Int+3}
  5278 | D:11     | Noticed Harold
  5288 | D:11     | Killed Harold
  5318 | D:11     | Reached skill level 5 in Dodging
  5417 | D:11     | Found a portal to a secret trove of treasure.
  5479 | D:10     | Found a staircase to the Lair.
  5488 | Lair:1   | Entered Level 1 of the Lair of Beasts
  5582 | Lair:5   | Entered Level 5 of the Lair of Beasts
  5594 | Lair:5   | Noticed Urug
  5606 | Lair:5   | Noticed a catoblepas
  5606 | Lair:5   | Noticed a six-headed hydra
  5609 | Lair:5   | Killed Urug
  5690 | Lair:5   | Gained mutation: You are somewhat inexperienced. (-1 XL)
                  | [Ru sacrifice]
  5690 | Lair:5   | Reached XP level 12. HP: 118/118 MP: 17/17
  5690 | Lair:5   | Reached **** piety under Ru
  5690 | Lair:5   | Reached ***** piety under Ru
  5719 | Lair:5   | Noticed Kirke
  5723 | Lair:5   | Noticed a four-headed hydra
  5731 | Lair:5   | Killed a one-headed hydra
  5736 | Lair:5   | Killed a one-headed hydra
  5739 | Lair:5   | Reached XP level 13. HP: 68/125 MP: 9/18
  5743 | Lair:5   | Killed Kirke
  5744 | Lair:5   | Reached skill level 15 in Fighting
  5744 | Lair:5   | Found a staircase to the Slime Pits.
  6057 | Lair:5   | Identified the +4 scale mail of Vlad {+Blink +Inv Regen+}
  6202 | Lair:5   | Found a gate leading to a gauntlet.
  6424 | Lair:4   | Reached skill level 16 in Fighting
  6456 | Lair:4   | Identified the +0 pair of boots "Ajoak" {Dex+3 Slay+3}
  6458 | Lair:4   | Found an ornate altar of the Wu Jian Council.
  6592 | Lair:4   | Reached skill level 10 in Dodging
  6709 | Lair:3   | Reached XP level 14. HP: 133/137 MP: 17/19
  6939 | Lair:3   | Found a hole to the Spider Nest.
  6980 | Spider:1 | Entered Level 1 of the Spider Nest
  7117 | Spider:3 | Noticed Donald
  7126 | Spider:3 | Banished Donald
  7164 | Spider:4 | Entered Level 4 of the Spider Nest
  7204 | Spider:4 | Reached skill level 17 in Fighting
  7291 | Spider:4 | Reached skill level 15 in Armour
  7380 | Spider:4 | Reached skill level 1 in Evocations
  7613 | Spider:4 | Reached skill level 5 in Evocations
  7661 | Spider:4 | Reached XP level 15. HP: 130/144 MP: 11/20
  7662 | Spider:4 | Reached skill level 18 in Fighting
  7687 | Spider:4 | Noticed a ghost moth
  7697 | Spider:4 | Killed a ghost moth
  7715 | Spider:4 | Noticed a ghost moth
  7722 | Spider:4 | Killed a ghost moth
  7728 | Spider:4 | HP: 6/150 [spark wasp (21)]
  7728 | Spider:4 | Mangled by a spark wasp

Illustrated notes

Levels and vault maps discovered:
D:1:      wander_arrival_estate, layout_loops_ring, basic_ecumenical_altar
D:2:      layout_basic, minmay_three_crescents, uniq_crazy_yiuf_cottage,
          uniq_terence
D:3:      layout_basic, mainiacjoe_overflow_alcove_1, nicolae_figureground_pulse
D:4:      layout_basic, minmay_temple_entry_statues_fountains,
          gup_ossuary_entry_pyramid, grunt_ministairs_15, minmay_manual_mess
D:5:      layout_basic
D:6:      layout_loops_ring, zin_scriptorium, grunt_ministairs_12
D:7:      layout_gridville, amcnicky_altar_gilded, minmay_diced_spiral
D:8:      layout_basic, enter_bailey_5, nicolae_elemental_shop
D:9:      layout_loops_cross, chequers_temple_overflow_minitemple, uniq_erica,
          uniq_joseph
D:10:     layout_stronghold, lair_entry_dummy, erik_orc_4
D:11:     layout_small_grid, nicolae_trove_entry_diagonal, grunt_ministairs_3,
          uniq_harold
Lair:1:   layout_roguey
Lair:2:   layout_regular_city, basic_altar, uniq_gastronok
Lair:3:   layout_hall_layers, minmay_swamp_entry_reptiles,
          spider_nest_entry_rubble, beast_lair_carwin_6, lemuel_fruit_fields,
          infiniplex_staircase_pool
Lair:4:   layout_cellular_growth, basic_altar
Lair:5:   minmay_lair_end_enchanted_forest, layout_loops_ring, slime_entry_1,
          gauntlet_entry_generic, uniq_urug, uniq_kirke
Spider:1: nicolae_spider_mines_1, hellmonk_motheaten_closet, uniq_aizul
Spider:2: layout_spider_delve, worms_lemuel
Spider:3: layout_cave_pods, uniq_donald
Spider:4: johnstein_spider_rune_arachne_lair
Orc:1:    layout_caves, uniq_erolcha
Orc:2:    grunt_orc_gardens, layout_diamond_mine, grunt_orc_garden,
          grunt_orc_garden, grunt_orc_garden, grunt_orc_garden,
          ebering_ghost_gozag, roderic_batcave

Skill      XL: |  1  2  3  4  5  6  7  8  9 10 11 12 13 14 15 |
---------------+----------------------------------------------+-----
Maces & Flails | 5 6 8 |  8.5
Axes           | 3 6 9 12 13 15 17 | 17.3
Fighting       | 3 8 13 16 17 18 | 18.4
Armour         | 3 12 13 15 | 15.0
Conjurations   | 0 |  0.0
Dodging        | 7 10 | 10.0
Evocations     | 6 8 |  8.0
Spellcasting   | |  2.6

Action                   |  1- 3 |  4- 6 |  7- 9 | 10-12 | 13-15 || total
-------------------------+-------+-------+-------+-------+-------++-------
Melee: Mace              |    61 |       |       |       |       ||    61
       Flail             |    17 |   118 |       |       |       ||   135
       Hand axe          |       |    41 |   217 |    92 |       ||   350
       War axe           |       |       |       |    55 |       ||    55
       Broad axe         |       |       |       |   182 |   598 ||   780
       Scimitar          |       |       |       |    11 |       ||    11
 Cast: Momentum Strike   |    14 |    22 |    24 |     7 |       ||    67
       Kiss of Death     |     1 |       |       |       |       ||     1
Invok: Sacrifice Stealth |       |       |     1 |       |       ||     1
       Sacrifice Words   |       |       |       |     1 |       ||     1
       Sacrifice Arcana  |       |       |       |     1 |       ||     1
       Draw Out Power    |       |       |       |     1 |     2 ||     3
       Sacrifice Experie |       |       |       |     1 |       ||     1
       Sacrifice Purity  |       |       |       |       |     1 ||     1
       Reject Sacrifices |       |       |       |       |     1 ||     1
       Apocalypse        |       |       |       |       |     1 ||     1
Evoke: Wand              |       |       |    10 |     1 |     7 ||    18
       Phial of floods   |       |       |       |       |     1 ||     1
       Phantom mirror    |       |       |       |       |     1 ||     1
       Box of beasts     |       |       |       |       |     1 ||     1
  Use: Scroll            |       |     8 |     3 |     8 |     6 ||    25
       Potion            |       |     1 |     1 |     3 |     1 ||     6
 Stab: Invisible         |       |       |       |     6 |    14 ||    20
       Paralysed         |       |       |       |     2 |     4 ||     6
       Distracted        |       |       |       |       |     3 ||     3
Armor: Leather armour    |    18 |    39 |       |       |       ||    57
       Ring mail         |       |    28 |   114 |    24 |       ||   166
       Skin              |       |     8 |       |       |       ||     8
       Chain mail        |       |       |       |   152 |   140 ||   292
       Scale mail        |       |       |       |       |   182 ||   182
Dodge: Dodged            |    46 |    82 |    87 |   126 |   282 ||   623

Table legend: (Time is in decaauts)
 A = Elapsed time spent in this place.
 B = Non-inter-level travel time spent in this place.
 C = Inter-level travel time spent in this place.
 D = Time resting spent in this place.
 E = Time spent auto-exploring this place.
 F = Levels seen in this place.
 G = Mean time per level.
                   A        B        C        D        E       F      G
               +--------+--------+--------+--------+--------+-----+--------+
         Total |   7468 |   6885 |    583 |     21 |   1015 |  24 |  311.2 |
       Dungeon |   3741 |   3481 |    260 |      0 |    795 |  11 |  340.1 |
          Lair |   1400 |   1267 |    133 |      0 |      0 |   5 |  280.0 |
   Spider Nest |    690 |    690 |      0 |      0 |    220 |   4 |  172.5 |
  Orcish Mines |    751 |    562 |    189 |      0 |      0 |   2 |  375.5 |
       Ossuary |    478 |    478 |      0 |     21 |      0 |   1 |  478.0 |
        Bailey |    405 |    405 |      0 |      0 |      0 |   1 |  405.0 |
               +--------+--------+--------+--------+--------+-----+--------+

Top non-repeatable levels by time:
   Orc:2: 617 daAuts
  Lair:5: 573 daAuts
Spider:4: 522 daAuts
    D:11: 493 daAuts
 Ossuary: 478 daAuts
  Lair:4: 447 daAuts
     D:6: 409 daAuts
     D:2: 407 daAuts
  Bailey: 405 daAuts
     D:9: 366 daAuts
    D:10: 362 daAuts
     D:4: 355 daAuts
     D:5: 341 daAuts
  Lair:3: 312 daAuts
     D:8: 306 daAuts
